Map: Ley Lines

Players

Fjant

  • Race: Zerg Zerg
  • League: Grandmaster
  • Spawn Location: 1:00

VITRyung (Ryung) - Winner!

  • Race: Terran Terran
  • League: Master
  • Spawn Location: 7:00

Event: HomeStory Cup XXVII

VOD

Have the link to the VOD?

Description

Time

  • Played on: June 27, 2025, 6:21 a.m.
  • Length: 9:35

All games in this series

Show
View Real Time Build Order
Export as new Build Order

Fjant Zerg 

Build Orders: Hatch First 

Get SALT Encoding   

  12  0:00  Drone  
  13  0:09  Drone  
  14  0:15  Drone, Extractor  
  15  0:22  Overlord  
  15  0:40  Drone x2  
  17  0:55  Drone, Hatchery  
  17  0:58  Drone  
  18  1:09  Extractor  
  17  1:12  Spawning Pool  
  17  1:15  Drone  
  17  1:18  Drone  
  18  1:26  Drone  
  19  1:37  Drone  
  20  1:45  Hatchery  
  19  2:02  Queen  
  19  2:06  Queen  
  23  2:09  Zergling x2  
  23  2:11  Drone  
  25  2:17  Metabolic Boost  
  25  2:21  Zergling x2  
  26  2:25  Zergling x2  
  27  2:31  Overlord  
  26  2:37  Spore Crawler  
  26  2:45  Zergling x4  
  28  2:53  Zergling x4  
  28  2:56  Zergling x2  
  28  2:57  Zergling x2  
  31  3:06  Zergling x2  
  31  3:07  Zergling x4  
  31  3:09  Overlord  
  34  3:14  Zergling x2  
  34  3:20  Drone x2  
  36  3:28  Zergling x2  
  37  3:40  Drone x3, Overlord  
  39  3:47  Drone  
  39  3:48  Drone  
  41  3:49  Drone  
  41  3:52  Drone  
  43  3:57  Overlord  
  43  3:59  Zergling x2  
  44  4:03  Drone x2  
  46  4:13  Drone  
  47  4:17  Hatchery  
  45  4:27  Overlord  
  45  4:28  Queen  
  47  4:32  Zergling x4  
  47  4:34  Zergling x2  
  47  4:35  Drone  
  51  4:39  Overlord  
  51  4:45  Overlord  
  51  4:49  Queen  
  51  4:52  Drone  
  54  4:53  Drone  
  54  4:57  Overlord  
  55  5:00  Overlord  
  55  5:03  Baneling Nest  
  55  5:04  Drone  
  55  5:14  Overlord  
  55  5:17  Zergling x2  
  55  5:18  Zergling x6  
  55  5:21  Spore Crawler  
  58  5:23  Drone  
  59  5:29  Drone x2  
  59  5:32  Drone x3  
  63  5:36  Drone  
  63  5:39  Lair  
  63  5:42  Drone x2  
  66  5:44  Drone x2  
  66  5:46  Drone  
  66  5:49  Drone x2  
  71  5:52  Drone  
  72  5:58  Overlord  
  72  5:59  Drone x2  
  72  6:03  Drone  
  76  6:04  Zergling x4  
  76  6:10  Overlord  
  77  6:13  Extractor  
  77  6:14  Overlord  
  77  6:16  Drone x4, Extractor  
  79  6:20  Spore Crawler  
  79  6:21  Spore Crawler  
  79  6:25  Overlord  
  77  6:29  Overlord  
  77  6:30  Drone  
  78  6:39  Centrifugal Hooks  
  76  6:40  Drone  
  76  6:41  Drone  
  76  6:46  Zergling x12  
  83  6:47  Overlord  
  83  6:50  Overlord  
  83  6:51  Drone x4  
  87  7:02  Drone  
  87  7:03  Evolution Chamber  
  87  7:04  Zergling x4, Evolution Chamber  
  87  7:06  Hatchery  
  87  7:13  Drone x4  
  87  7:14  Drone x3  
  87  7:15  Zergling x2  
  95  7:16  Overlord  
  95  7:21  Zergling x6, Extractor  
  95  7:22  Baneling x2  
  97  7:23  Baneling  
  97  7:24  Baneling  
  97  7:25  Baneling x3  
  97  7:34  Zerg Melee Weapons Level 1, Zerg Ground Armor Level 1  
  97  7:37  Zergling x8  
  97  7:40  Baneling x5  
  97  7:42  Zergling x2  
  97  7:43  Baneling x3  
  102  7:44  Zergling x2  
  102  7:45  Drone  
  102  7:50  Drone x2  
  106  7:52  Zergling x6  
  106  7:53  Zergling x2  
  106  7:54  Drone x2  
  106  7:56  Baneling x2  
  112  7:59  Drone  
  112  8:02  Drone x3  
  116  8:08  Drone  
  115  8:13  Drone  
  115  8:14  Drone x7  
  115  8:17  Hydralisk Den  
  115  8:18  Extractor  
  115  8:19  Queen  
  121  8:22  Drone x2  
  121  8:23  Drone  
  121  8:25  Drone  
  127  8:31  Drone x2, Baneling x3  
  129  8:36  Zergling x10  
  134  8:44  Zergling x4  
  134  8:46  Hatchery  
  134  8:47  Zergling x4  
  127  8:49  Queen  
  127  8:52  Baneling x9  
  127  8:53  Zergling x10  
  128  8:57  Zergling x8  
  128  9:01  Zergling x8  
  134  9:06  Zergling x10  
  136  9:13  Zergling x4  
  136  9:15  Zergling x4  
Show
View Real Time Build Order
Export as new Build Order

VITRyung Terran - Winner!

Build Orders: Reaper Expand 

Get SALT Encoding   

  12  0:00  SCV  
  13  0:12  SCV  
  14  0:16  Supply Depot  
  14  0:24  SCV  
  15  0:38  SCV  
  15  0:40  Barracks  
  15  0:42  Refinery  
  16  0:50  SCV  
  17  1:02  SCV  
  18  1:14  SCV  
  19  1:28  Orbital Command, Reaper  
  20  1:41  Command Center  
  20  1:47  Bunker  
  20  1:56  SCV  
  20  1:59  Marine  
  22  2:02  Supply Depot  
  22  2:08  SCV  
  23  2:24  Marine, SCV  
  23  2:28  Factory  
  25  2:36  SCV  
  26  2:41  Marine  
  27  2:48  SCV  
  28  2:58  Orbital Command  
  28  3:00  Marine, SCV  
  30  3:12  Refinery, SCV  
  31  3:14  Factory Tech Lab  
  31  3:20  Supply Depot  
  31  3:22  Barracks Reactor  
  31  3:24  SCV  
  32  3:29  SCV  
  33  3:34  Starport  
  32  3:42  Cyclone  
  32  3:47  SCV  
  36  3:51  SCV  
  36  3:52  Bunker  
  37  3:56  Barracks  
  37  4:00  Marine x2  
  39  4:07  Supply Depot  
  39  4:08  SCV x2  
  41  4:10  Starport Tech Lab  
  41  4:15  Siege Tank  
  44  4:23  Marine x2  
  46  4:40  Marine  
  46  4:41  Marine  
  46  4:42  Raven  
  50  4:47  Barracks Tech Lab  
  50  4:49  Barracks  
  50  4:55  SCV  
  50  4:56  Command Center  
  50  4:58  Marine x2  
  53  5:08  Stimpack  
  53  5:10  Marine  
  54  5:16  Marine x2  
  56  5:27  Siege Tank  
  59  5:30  Marine  
  59  5:34  Marine x2  
  62  5:37  Supply Depot  
  62  5:38  Supply Depot  
  62  5:48  Combat Shield  
  62  5:54  SCV  
  62  5:55  Marine  
  62  5:56  Marine x2  
  66  5:58  Starport Reactor  
  66  6:00  Orbital Command  
  66  6:06  SCV  
  67  6:13  Orbital Command  
  67  6:18  SCV  
  68  6:27  Engineering Bay  
  68  6:28  Supply Depot  
  68  6:30  SCV x2  
  68  6:31  Engineering Bay  
  70  6:39  Medivac  
  72  6:40  Medivac  
  72  6:42  SCV x2  
  72  6:46  SCV  
  74  6:54  SCV x2  
  74  6:55  Refinery  
  74  6:56  Refinery  
  74  7:00  SCV  
  77  7:02  Supply Depot  
  77  7:04  Terran Infantry Armor Level 1  
  77  7:06  SCV x2  
  79  7:12  SCV, Barracks Reactor  
  80  7:18  SCV x2  
  80  7:20  Marine  
  80  7:21  Marine x2  
  85  7:26  Siege Tank  
  85  7:28  SCV  
  89  7:30  Supply Depot, SCV  
  89  7:32  Barracks x2, Terran Infantry Weapons Level 1  
  89  7:34  Orbital Command  
  90  7:38  Marine  
  90  7:39  Barracks  
  90  7:40  Barracks  
  91  7:48  Medivac  
  91  7:50  SCV x2  
  95  7:53  Medivac  
  97  7:59  SCV  
  97  8:02  SCV x2  
  100  8:06  Siege Tank  
  100  8:08  Supply Depot  
  100  8:10  Supply Depot, Marine  
  100  8:11  Supply Depot, Marine x4  
  108  8:14  SCV x2  
  111  8:21  Barracks Reactor x2  
  111  8:22  SCV  
  111  8:26  Supply Depot, Marine, SCV x2  
  111  8:27  Marine  
  113  8:28  Marine x5  
  113  8:34  Armory  
  120  8:37  Medivac x2  
  124  8:44  Marine x2  
  124  8:47  Marine x3  
  124  8:48  Marine  
  130  8:53  Siege Tank  
  130  8:54  Marine  
  128  8:59  Marine x2  
  128  9:02  Marine x4  
  132  9:05  Marine x4  
  136  9:12  Marine  
Tags
 
Add a new tag
Caveats
  • Supply blocks, unpowered buildings, or Contaminate may cause inaccurate times.
  • Supply counts are checked every 10 seconds.